 Dungeon Crawl Stone Soup version 0.29.1-13-g9f3cf754e1 (webtiles) character file.

Game seed: 8820114181373899072

865 jondo1214 the Chopper (level 8, -1/70 HPs)
             Began as a Hill Orc Fighter on Jan 31, 2023.
             Slain by a gnoll
             ... wielding a +0 halberd
              (11 damage)
             ... on level 5 of the Dungeon.
             The game lasted 00:16:31 (3952 turns).

jondo1214 the Chopper (Hill Orc Fighter)            Turns: 3952, Time: 00:16:32

Health: -1/70      AC: 12    Str: 21    XL:     8   Next: 3%
Magic:  8/8        EV:  7    Int:  8    God:
Gold:   220        SH:  4    Dex: 10    Spells: 7/7 levels left

rFire   . . .      SeeInvis .   a - +0 war axe
rCold   + . .      Faith    .   c - +0 buckler
rNeg    . . .      Spirit   .   e - +0 chain mail
rPois   .          Reflect  .   q - +0 helmet
rElec   .          Harm     .   (no cloak)
rCorr   .          Rampage  .   p - +0 pair of gloves
Will    .....                   (no boots)
Stlth   ..........              (no amulet)
HPRegen 0.21/turn               i - ring of protection from cold
MPRegen 0.11/turn               (no ring)

@: mighty
A: no striking features
a: no special abilities


You were on level 5 of the Dungeon.
You visited 1 branch of the dungeon, and saw 5 of its levels.
You also visited: Sewer.

You collected 220 gold pieces.

Inventory:

Hand Weapons
 a - a +0 war axe (weapon)
Missiles
 o - 6 poisoned darts (quivered)
Armour
 c - a +0 buckler (worn)
 e - a +0 chain mail (worn)
 p - a +0 pair of gloves (worn)
 q - a +0 helmet (worn)
Jewellery
 i - a ring of protection from cold (left hand)
Scrolls
 b - 2 scrolls of teleportation
 n - a scroll of identify
Potions
 f - a potion of ambrosia
 g - 4 potions of curing
 h - a potion of invisibility {unknown}
 j - 3 potions of mutation {unknown}
 k - 3 potions of haste {unknown}
 l - a potion of lignification {unknown}
 m - a potion of heal wounds {unknown}


   Skills:
 * Level 5.7 Fighting
 * Level 7.8 Axes
 * Level 2.2 Throwing
 * Level 5.2 Armour
 + Level 0.7 Dodging
 * Level 4.4 Shields


You had 7 spell levels left.
You didn't know any spells.
Your spell library contained the following spells:

 Spells                   Type           Power      Damage    Failure   Level
 Frozen Ramparts          Ice            0%         1d1       100%        3
 Summon Guardian Golem    Hex/Summ       0%         N/A       100%        3
 Ice Form                 Ice/Tmut       0%         N/A       100%        4
 Summon Ice Beast         Ice/Summ       0%         N/A       100%        4
 Orb of Destruction       Conj           0%         9d5       100%        7
 Spellforged Servitor     Conj/Summ      0%         N/A       100%        7


Dungeon Overview and Level Annotations

Branches:
Dungeon (5/15)              Sewer (visited)
 Temple: D:4-7

Altars:
Ashenzari
Dithmenos
Wu Jian
Yredelemnul


Message History

The black bear claws you but does no damage.
You block the gnoll's attack.
You hit the black bear.
The black bear is moderately wounded.
The gnoll hits you from afar with a +0 halberd!
* * * LOW HITPOINT WARNING * * *
The black bear bites you but does no damage.
The black bear claws you but does no damage.
The black bear claws you.
* * * LOW HITPOINT WARNING * * *
You closely miss the black bear.
The black bear is moderately wounded.
The black bear bites you but does no damage.
The black bear claws you but does no damage. x2
You block the gnoll's attack.
You slash the black bear!
The black bear is severely wounded.
The black bear closely misses you. You block the black bear's attack. x2
The gnoll barely misses you.
You slash the black bear!
You kill the black bear!
You block the gnoll's attack. The gnoll closely misses you.
The gnoll hits you from afar with a +0 halberd.
* * * LOW HITPOINT WARNING * * *
You have reached level 8!
You slash the gnoll!
The gnoll is almost dead.
The gnoll barely misses you. The gnoll hits you with a +0 whip!
* * * LOW HITPOINT WARNING * * *
You barely miss the gnoll.
The gnoll is almost dead.
The gnoll closely misses you. The gnoll hits you but does no damage.
You closely miss the gnoll.
The gnoll is almost dead.
The gnoll hits you from afar with a +0 halberd.
* * * LOW HITPOINT WARNING * * *
The gnoll hits you but does no damage.
You feel better.
The gnoll hits you from afar with a +0 halberd!
You die...

.... ##.. .. .... #...
.. .... #..#.. ...
#..#. . #. #..#... .>
#.. #..#.. ... ##...
#....# g... ..#....
##@# ..... ...#....###
#.g##...... ..........#
##ggg......
.........<###.gh.......
..............^........
...........#.......h...
..........##........).
#.##....###...........
##...# ###.........


You could see a hound and 4 gnolls.

Vanquished Creatures
  A black bear (D:5)
  Pargi (D:3)
  An ogre (D:5)
  4 kobold brigands (Sewer)
  A scorpion (D:4)
  A hound (D:4)
  Robin (D:3)
  8 adders
  A river rat (D:4)
  6 worms
  3 dart slugs
  13 ball pythons
  15 endoplasms
  9 giant cockroaches
  14 goblins
  13 hobgoblins
  3 jackals (D:4)
  7 kobolds
  5 quokkas
  7 bats
  A frilled lizard (D:2)
  10 rats
  A spectral orc (D:3)
126 creatures vanquished.

Notes
Turn   | Place    | Note
-------+----------+-------------------------------------------
     0 | D:1      | jondo1214 the Hill Orc Fighter began the quest for the Orb.
     0 | D:1      | Reached XP level 1. HP: 19/19 MP: 1/1
   230 | D:1      | Reached XP level 2. HP: 24/27 MP: 2/2
   595 | D:1      | Reached XP level 3. HP: 31/33 MP: 3/3
   615 | D:1      | Reached skill level 3 in Axes
   729 | D:2      | Found a faded altar of an unknown god.
  1233 | D:2      | Reached XP level 4. HP: 40/40 MP: 4/4
  1572 | D:3      | Reached skill level 4 in Axes
  1857 | D:3      | Found a broken altar of Ashenzari.
  1861 | D:3      | Noticed Robin
  1863 | D:3      | Noticed Pargi
  1872 | D:3      | Killed Robin
  1873 | D:3      | Reached XP level 5. HP: 34/46 MP: 5/5
  1878 | D:3      | Killed Pargi
  1879 | D:3      | Reached skill level 5 in Axes
  2177 | D:3      | Found an ornate altar of the Wu Jian Council.
  2290 | D:3      | Found a shadowy altar of Dithmenos.
  2442 | D:3      | Found a basalt altar of Yredelemnul.
  2558 | D:4      | Reached XP level 6. HP: 38/55 MP: 6/6
  2594 | D:4      | Found a glowing drain.
  2610 | Sewer    | Entered a sewer
  2923 | Sewer    | Reached skill level 5 in Fighting
  2923 | Sewer    | Reached skill level 6 in Axes
  2923 | Sewer    | Reached skill level 1 in Throwing
  3080 | Sewer    | Reached XP level 7. HP: 44/61 MP: 7/7
  3758 | D:4      | Reached skill level 7 in Axes
  3907 | D:5      | Entered Level 5 of the Dungeon
  3936 | D:5      | Reached skill level 5 in Armour
  3949 | D:5      | Reached XP level 8. HP: 15/70 MP: 8/8
  3952 | D:5      | Slain by a gnoll

Illustrated notes

Levels and vault maps discovered:
D:1:      psy_arrival_whirlpool, layout_rooms
D:2:      layout_loops_corners, ebering_ecumenical_altar_petrified,
          minmay_misc_feat_five
D:3:      layout_rooms, amcnicky_altar_gilded, ashenzari_altar_1,
          yredelemnul_forgotten_temple_becter, nzn_wu_jian_council_hall,
          uniq_robin, uniq_pargi
D:4:      layout_rooms, gup_sewer_entry_bubbles
D:5:      layout_cave_pools

Skill      XL: |  1  2  3  4  5  6  7 |
---------------+----------------------+-----
Fighting       | 4 5 |  5.7
Axes           | 3 4 5 6 7 |  7.8
Armour         | 4 5 |  5.2
Throwing       | 1 2 |  2.2
Shields        | 4 |  4.4
Dodging        | |  0.7

Action                   |  1- 3 |  4- 6 |  7- 9 || total
-------------------------+-------+-------+-------++-------
Melee: War axe           |   109 |   179 |   133 ||   421
  Use: Scroll            |     1 |     4 |     2 ||     7
       Potion            |       |       |     2 ||     2
Armor: Scale mail        |    28 |       |       ||    28
       Chain mail        |    50 |   133 |    78 ||   261
Dodge: Dodged            |    56 |    61 |    35 ||   152
Block: Buckler           |    32 |    40 |    38 ||   110
